[ AOE2 MATCH · #476879137 ]
Team RMMalay vs Britons
[ REPLAY ANALYSIS · EXTRACTED FROM THE RECORDED GAME ]
Feudal
11:47
Castle
—
Imperial
—
| APM avg | 63.1 |
| APM peak | 118 |
| eAPM avg | 34.4 |
| Villagers / military | 38 / 4 |
Focus
⚔️ 37.3% · 🌾 62.7%
Militia ×4
Feudal
11:30
Castle
14:42
Imperial
—
| APM avg | 21.9 |
| APM peak | 52 |
| eAPM avg | 11.1 |
| Villagers / military | 34 / 0 |
Focus
⚔️ 15.6% · 🌾 84.4%
Feudal
11:52
Castle
15:25
Imperial
—
| APM avg | 40.0 |
| APM peak | 61 |
| eAPM avg | 23.2 |
| Villagers / military | 30 / 1 |
Focus
⚔️ 18.7% · 🌾 81.3%
Monk ×1
Feudal
15:41
Castle
—
Imperial
—
| APM avg | 35.1 |
| APM peak | 60 |
| eAPM avg | 17.3 |
| Villagers / military | 35 / 0 |
Focus
⚔️ 17.5% · 🌾 82.5%
Feudal
12:10
Castle
—
Imperial
—
| APM avg | 27.3 |
| APM peak | 64 |
| eAPM avg | 14.6 |
| Villagers / military | 44 / 0 |
Focus
⚔️ 24.0% · 🌾 76.0%
Feudal
11:01
Castle
14:56
Imperial
—
| APM avg | 33.4 |
| APM peak | 135 |
| eAPM avg | 13.3 |
| Villagers / military | 31 / 1 |
Focus
⚔️ 27.3% · 🌾 72.7%
Monk ×1
Feudal
11:24
Castle
15:23
Imperial
—
| APM avg | 26.2 |
| APM peak | 50 |
| eAPM avg | 16.9 |
| Villagers / military | 37 / 0 |
Focus
⚔️ 26.9% · 🌾 73.1%
Feudal
11:54
Castle
—
Imperial
—
| APM avg | 31.9 |
| APM peak | 79 |
| eAPM avg | 17.1 |
| Villagers / military | 27 / 0 |
Focus
⚔️ 17.6% · 🌾 82.4%
Match map
Initial resources + every placement click. Lines = walls · curves = elevation contours. ◆ gold · ⬟ stone · ● berries · ✦ relic · ◌ wall gap
Your base· Open — opponent sealed themselves in
名字丶好怂's base· ✓ Closed at 14:42 · 0t walls · no gate
Skinny_Sheep's base· Open — opponent sealed themselves in
René's base· ✓ Closed at 12:00 · 36t walls · no gate
Getsuga Tensho's base· ✓ Closed at 12:00 · 14t walls · no gate
bengute's base· Open — opponent sealed themselves in
Mr Diniz's base· ✓ Closed at 15:23 · 3t walls · no gate
twitch.tv/sir_baron55's base· Open — opponent sealed themselves in
Smoothed initial terrain · ◌ = detected wall gap · hover for details
Inputs per minute
— McNut - - 名字丶好怂
Build order — McNut
90 actions detected in the replay
| 0:00 | Create | Villager (Male) |
| 0:00 | Create | Villager (Male) |
| 0:01 | Create | Villager (Male) |
| 0:02 | Build | House |
| 0:03 | Build | House |
| 0:07 | Research | Loom |
| 0:10 | Create | Villager (Male) |
| 0:49 | Create | Villager (Male) |
| 1:15 | Build | Palisade Wall |
| 1:15 | Build | Palisade Wall |
| 1:18 | Build | Palisade Wall |
| 1:21 | Build | Palisade Wall |
| 1:34 | Build | Palisade Wall |
| 1:36 | Create | Villager (Male) |
| 1:49 | Build | Palisade Wall |
| 1:50 | Build | Palisade Wall |
| 2:16 | Build | Palisade Wall |
| 2:18 | Build | Palisade Wall |
| 2:47 | Create | Villager (Male) |
| 3:06 | Create | Villager (Male) |
| 3:06 | Create | Villager (Male) |
| 3:54 | Create | Villager (Male) |
| 3:54 | Create | Villager (Male) |
| 4:31 | Create | Villager (Male) |
| 4:37 | Build | Lumber Camp |
| 4:55 | Create | Villager (Male) |
| 5:44 | Create | Villager (Male) |
| 6:09 | Create | Villager (Male) |
| 6:21 | Build | House |
| 6:38 | Create | Villager (Male) |
| 7:02 | Create | Villager (Male) |
| 7:15 | Build | Mill |
| 7:33 | Create | Villager (Male) |
| 7:33 | Create | Villager (Male) |
| 7:54 | Create | Villager (Male) |
| 8:17 | Create | Villager (Male) |
| 8:28 | Build | House |
| 8:35 | Create | Villager (Male) |
| 9:04 | Build | Palisade Wall |
| 9:11 | Create | Villager (Male) |
| 9:39 | Create | Villager (Male) |
| 10:03 | Build | Barracks |
| 10:04 | Create | Villager (Male) |
| 10:10 | Build | House |
| 10:24 | Research | Feudal Age |
| 10:33 | Build | Palisade Wall |
| 10:34 | Build | Palisade Wall |
| 10:35 | Build | Palisade Wall |
| 11:10 | Create | Militia |
| 11:10 | Create | Militia |
| 11:27 | Create | Villager (Male) |
| 11:44 | Build | Mining Camp |
| 11:47 | Age | Feudal Age |
| 12:06 | Create | Villager (Male) |
| 12:07 | Create | Militia |
| 12:09 | Research | Double-Bit Axe |
| 12:47 | Create | Villager (Male) |
| 12:56 | Build | Palisade Wall |
| 13:00 | Build | Palisade Wall |
| 13:03 | Build | Palisade Wall |
| 13:04 | Build | Palisade Wall |
| 13:05 | Create | Villager (Male) |
| 13:08 | Research | Man-at-Arms (upgrade) |
| 13:08 | Research | Man-at-Arms (upgrade) |
| 13:36 | Create | Militia |
| 13:37 | Create | Villager (Male) |
| 13:40 | Build | Palisade Wall |
| 13:41 | Build | Palisade Wall |
| 13:42 | Build | Palisade Wall |
| 13:45 | Build | Palisade Wall |
| 13:52 | Create | Villager (Male) |
| 14:03 | Create | Villager (Male) |
| 14:09 | Create | Villager (Male) |
| 14:18 | Build | Farm |
| 14:18 | Build | Farm |
| 14:18 | Build | Farm |
| 14:18 | Build | Farm |
| 14:19 | Build | Farm |
| 14:19 | Build | Farm |
| 14:19 | Build | Farm |
| 14:19 | Build | Farm |
| 14:19 | Build | Farm |
| 14:28 | Create | Villager (Male) |
| 14:46 | Build | House |
| 14:46 | Research | Horse Collar |
| 14:57 | Create | Villager (Male) |
| 14:58 | Create | Villager (Male) |
| 15:31 | Build | Lumber Camp |
| 15:44 | Create | Villager (Male) |
| 16:09 | Create | Villager (Male) |
Build order — 名字丶好怂
60 actions detected in the replay
| 0:00 | Create | Villager (Male) |
| 0:01 | Create | Villager (Male) |
| 0:01 | Create | Villager (Male) |
| 0:02 | Create | Villager (Male) |
| 0:02 | Create | Villager (Male) |
| 0:03 | Build | House |
| 0:04 | Build | House |
| 1:35 | Create | Villager (Male) |
| 1:35 | Create | Villager (Male) |
| 1:38 | Build | Lumber Camp |
| 2:13 | Create | Villager (Male) |
| 2:32 | Create | Villager (Male) |
| 3:00 | Create | Villager (Male) |
| 3:00 | Create | Villager (Male) |
| 3:01 | Create | Villager (Male) |
| 3:59 | Create | Villager (Male) |
| 3:59 | Create | Villager (Male) |
| 4:00 | Create | Villager (Male) |
| 4:01 | Create | Villager (Male) |
| 4:02 | Build | House |
| 4:03 | Build | House |
| 4:30 | Build | Mining Camp |
| 4:39 | Build | Mining Camp |
| 4:40 | Create | Villager (Male) |
| 4:41 | Create | Villager (Male) |
| 4:42 | Create | Villager (Male) |
| 4:43 | Create | Villager (Male) |
| 5:22 | Build | Mill |
| 5:23 | Create | Villager (Male) |
| 5:56 | Create | Villager (Male) |
| 5:56 | Create | Villager (Male) |
| 5:56 | Create | Villager (Male) |
| 6:01 | Research | Loom |
| 6:15 | Create | Villager (Male) |
| 6:33 | Create | Villager (Male) |
| 7:13 | Create | Villager (Male) |
| 7:35 | Create | Villager (Male) |
| 8:10 | Create | Villager (Male) |
| 8:11 | Create | Villager (Male) |
| 9:13 | Build | Mill |
| 9:26 | Research | Feudal Age |
| 9:40 | Create | Villager (Male) |
| 9:41 | Create | Villager (Male) |
| 9:47 | Build | House |
| 11:12 | Build | House |
| 11:30 | Age | Feudal Age |
| 11:31 | Build | Market |
| 11:33 | Build | Blacksmith |
| 11:53 | Research | Double-Bit Axe |
| 12:14 | Research | Horse Collar |
| 12:17 | Research | Castle Age |
| 12:17 | Research | Castle Age |
| 12:41 | Create | Villager (Male) |
| 12:42 | Create | Villager (Male) |
| 12:52 | Build | Farm |
| 12:52 | Build | Farm |
| 12:52 | Build | Farm |
| 12:53 | Build | Farm |
| 13:27 | Build | Barracks |
| 14:42 | Age | Castle Age |
Build order — Skinny_Sheep
64 actions detected in the replay
| 0:00 | Create | Villager (Male) |
| 0:01 | Create | Villager (Male) |
| 0:02 | Build | House |
| 0:02 | Build | House |
| 0:05 | Create | Villager (Male) |
| 0:05 | Create | Villager (Male) |
| 0:07 | Create | Villager (Male) |
| 0:19 | Create | Villager (Male) |
| 1:22 | Create | Villager (Male) |
| 1:43 | Build | Lumber Camp |
| 1:49 | Create | Villager (Male) |
| 2:09 | Create | Villager (Male) |
| 2:38 | Create | Villager (Male) |
| 2:57 | Create | Villager (Male) |
| 3:28 | Create | Villager (Male) |
| 3:51 | Build | House |
| 4:00 | Create | Villager (Male) |
| 4:41 | Build | Mill |
| 5:01 | Build | Mill |
| 5:07 | Create | Villager (Male) |
| 5:29 | Create | Villager (Male) |
| 5:30 | Create | Villager (Male) |
| 5:31 | Create | Villager (Male) |
| 5:32 | Create | Villager (Male) |
| 5:32 | Create | Villager (Male) |
| 5:45 | Create | Villager (Male) |
| 5:45 | Create | Villager (Male) |
| 5:51 | Build | House |
| 7:10 | Build | House |
| 7:29 | Build | House |
| 7:35 | Build | Farm |
| 7:37 | Create | Villager (Male) |
| 7:42 | Create | Villager (Male) |
| 8:18 | Build | House |
| 8:23 | Create | Villager (Male) |
| 8:30 | Build | Mining Camp |
| 8:44 | Build | House |
| 8:48 | Create | Villager (Male) |
| 9:10 | Research | Feudal Age |
| 9:14 | Research | Loom |
| 9:14 | Research | Loom |
| 9:15 | Research | Feudal Age |
| 10:23 | Create | Villager (Male) |
| 11:52 | Age | Feudal Age |
| 11:54 | Build | Market |
| 11:56 | Build | Blacksmith |
| 12:03 | Research | Double-Bit Axe |
| 12:12 | Create | Villager (Male) |
| 12:45 | Research | Castle Age |
| 12:46 | Research | Castle Age |
| 12:49 | Research | Horse Collar |
| 12:49 | Research | Horse Collar |
| 13:20 | Build | Lumber Camp |
| 14:00 | Create | Villager (Male) |
| 14:01 | Create | Villager (Male) |
| 14:06 | Research | Wheelbarrow |
| 15:25 | Age | Castle Age |
| 15:29 | Build | Town Center |
| 15:31 | Build | Monastery |
| 15:34 | Build | Town Center |
| 15:39 | Create | Villager (Male) |
| 15:55 | Research | Bow Saw |
| 15:55 | Research | Bow Saw |
| 16:11 | Create | Monk |
Build order — René
72 actions detected in the replay
| 0:02 | Build | House |
| 0:03 | Build | House |
| 0:03 | Create | Villager (Male) |
| 0:03 | Create | Villager (Male) |
| 0:03 | Create | Villager (Male) |
| 0:35 | Create | Villager (Male) |
| 1:18 | Research | Loom |
| 1:21 | Research | Loom |
| 1:42 | Create | Villager (Male) |
| 2:01 | Create | Villager (Male) |
| 2:37 | Create | Villager (Male) |
| 2:38 | Create | Villager (Male) |
| 3:02 | Create | Villager (Male) |
| 3:02 | Create | Villager (Male) |
| 3:41 | Create | Villager (Male) |
| 3:41 | Create | Villager (Male) |
| 4:20 | Create | Villager (Male) |
| 4:31 | Build | Palisade Wall |
| 4:32 | Build | Palisade Wall |
| 4:32 | Build | Palisade Wall |
| 4:33 | Build | Palisade Wall |
| 4:53 | Create | Villager (Male) |
| 4:53 | Create | Villager (Male) |
| 5:01 | Build | Palisade Wall |
| 5:07 | Build | Palisade Wall |
| 5:21 | Build | House |
| 5:24 | Create | Villager (Male) |
| 5:25 | Create | Villager (Male) |
| 5:35 | Build | House |
| 5:46 | Create | Villager (Male) |
| 5:57 | Create | Villager (Male) |
| 6:02 | Build | Mill |
| 6:11 | Build | House |
| 6:31 | Create | Villager (Male) |
| 6:46 | Create | Villager (Male) |
| 6:57 | Build | Palisade Wall |
| 6:59 | Build | Palisade Wall |
| 7:03 | Build | Palisade Wall |
| 7:04 | Build | Palisade Wall |
| 7:05 | Create | Villager (Male) |
| 7:34 | Build | House |
| 8:07 | Build | House |
| 8:11 | Create | Villager (Male) |
| 8:18 | Build | Palisade Wall |
| 8:23 | Build | Palisade Wall |
| 8:25 | Build | Palisade Wall |
| 8:26 | Create | Villager (Male) |
| 8:50 | Create | Villager (Male) |
| 9:01 | Build | Palisade Wall |
| 9:27 | Create | Villager (Male) |
| 9:43 | Create | Villager (Male) |
| 9:54 | Build | Lumber Camp |
| 10:18 | Create | Villager (Male) |
| 10:39 | Build | Palisade Wall |
| 10:41 | Create | Villager (Male) |
| 10:59 | Create | Villager (Male) |
| 11:05 | Build | Mill |
| 11:36 | Build | Palisade Wall |
| 11:36 | Create | Villager (Male) |
| 11:47 | Build | Palisade Wall |
| 11:50 | Create | Villager (Male) |
| 11:52 | Build | Farm |
| 12:26 | Create | Villager (Male) |
| 12:28 | Build | Farm |
| 12:51 | Create | Villager (Male) |
| 13:04 | Build | House |
| 13:05 | Build | House |
| 13:12 | Research | Feudal Age |
| 13:42 | Create | Villager (Male) |
| 14:07 | Build | Mining Camp |
| 15:09 | Build | House |
| 15:41 | Age | Feudal Age |
Build order — Getsuga Tensho
78 actions detected in the replay
| 0:01 | Create | Villager (Male) |
| 0:01 | Create | Villager (Male) |
| 0:02 | Build | House |
| 0:04 | Build | House |
| 0:19 | Research | Loom |
| 0:44 | Create | Villager (Male) |
| 0:44 | Create | Villager (Male) |
| 0:44 | Create | Villager (Male) |
| 1:42 | Create | Villager (Male) |
| 1:43 | Create | Villager (Male) |
| 2:42 | Create | Villager (Male) |
| 2:42 | Create | Villager (Male) |
| 2:57 | Create | Villager (Male) |
| 2:57 | Create | Villager (Male) |
| 3:33 | Build | Palisade Wall |
| 3:35 | Build | Palisade Wall |
| 3:37 | Build | Palisade Wall |
| 3:38 | Build | Palisade Wall |
| 3:43 | Build | Palisade Wall |
| 3:45 | Create | Villager (Male) |
| 3:46 | Create | Villager (Male) |
| 3:53 | Create | Villager (Male) |
| 3:53 | Create | Villager (Male) |
| 4:13 | Build | Lumber Camp |
| 4:41 | Create | Villager (Male) |
| 4:41 | Create | Villager (Male) |
| 4:49 | Build | House |
| 5:11 | Create | Villager (Male) |
| 5:42 | Create | Villager (Male) |
| 5:42 | Create | Villager (Male) |
| 6:01 | Create | Villager (Male) |
| 6:01 | Create | Villager (Male) |
| 6:24 | Create | Villager (Male) |
| 6:25 | Create | Villager (Male) |
| 6:51 | Create | Villager (Male) |
| 7:00 | Build | House |
| 7:26 | Build | Mill |
| 7:30 | Create | Villager (Male) |
| 7:30 | Create | Villager (Male) |
| 7:51 | Create | Villager (Male) |
| 7:51 | Create | Villager (Male) |
| 7:51 | Create | Villager (Male) |
| 8:31 | Create | Villager (Male) |
| 9:35 | Create | Villager (Male) |
| 9:40 | Build | Mining Camp |
| 9:55 | Research | Feudal Age |
| 10:54 | Build | House |
| 11:07 | Create | Villager (Male) |
| 12:10 | Age | Feudal Age |
| 12:12 | Build | Watch Tower |
| 12:20 | Create | Villager (Male) |
| 12:22 | Research | Double-Bit Axe |
| 12:44 | Create | Villager (Male) |
| 12:44 | Create | Villager (Male) |
| 13:06 | Create | Villager (Male) |
| 13:09 | Build | Blacksmith |
| 13:13 | Build | House |
| 13:18 | Create | Villager (Male) |
| 13:47 | Create | Villager (Male) |
| 13:58 | Build | Palisade Gate |
| 13:59 | Build | Palisade Wall |
| 14:14 | Build | Stone Wall |
| 14:19 | Create | Villager (Male) |
| 14:19 | Create | Villager (Male) |
| 14:26 | Build | Stone Wall |
| 14:37 | Create | Villager (Male) |
| 14:39 | Build | Farm |
| 14:40 | Build | Farm |
| 14:40 | Build | Farm |
| 14:40 | Build | Farm |
| 14:40 | Build | Farm |
| 14:40 | Build | Farm |
| 14:57 | Build | Outpost |
| 15:04 | Create | Villager (Male) |
| 15:09 | Build | House |
| 15:27 | Build | Outpost |
| 15:32 | Create | Villager (Male) |
| 15:34 | Build | Farm |
Build order — bengute
57 actions detected in the replay
| 0:01 | Create | Villager (Male) |
| 0:01 | Create | Villager (Male) |
| 0:01 | Create | Villager (Male) |
| 0:02 | Create | Villager (Male) |
| 0:04 | Build | House |
| 0:05 | Build | House |
| 1:15 | Create | Villager (Male) |
| 2:00 | Create | Villager (Male) |
| 2:10 | Build | Lumber Camp |
| 2:33 | Create | Villager (Male) |
| 2:34 | Create | Villager (Male) |
| 2:34 | Create | Villager (Male) |
| 3:04 | Create | Villager (Male) |
| 3:39 | Create | Villager (Male) |
| 3:40 | Create | Villager (Male) |
| 4:16 | Create | Villager (Male) |
| 4:16 | Create | Villager (Male) |
| 4:40 | Create | Villager (Male) |
| 4:42 | Build | House |
| 4:51 | Research | Loom |
| 5:31 | Create | Villager (Male) |
| 5:31 | Create | Villager (Male) |
| 5:33 | Create | Villager (Male) |
| 5:33 | Create | Villager (Male) |
| 5:33 | Create | Villager (Male) |
| 5:58 | Build | House |
| 6:05 | Create | Villager (Male) |
| 6:21 | Build | Mill |
| 6:25 | Build | Mill |
| 6:38 | Create | Villager (Male) |
| 6:51 | Create | Villager (Male) |
| 7:07 | Build | House |
| 8:33 | Research | Feudal Age |
| 8:46 | Build | Mining Camp |
| 10:07 | Create | Villager (Male) |
| 10:07 | Create | Villager (Male) |
| 11:00 | Create | Villager (Male) |
| 11:01 | Create | Villager (Male) |
| 11:01 | Age | Feudal Age |
| 11:08 | Build | Market |
| 11:11 | Build | Blacksmith |
| 12:15 | Research | Castle Age |
| 12:36 | Research | Double-Bit Axe |
| 14:20 | Create | Villager (Male) |
| 14:20 | Create | Villager (Male) |
| 14:56 | Age | Castle Age |
| 14:59 | Build | Monastery |
| 15:07 | Build | Town Center |
| 15:11 | Build | Town Center |
| 15:12 | Research | Bow Saw |
| 15:17 | Research | Horse Collar |
| 15:20 | Build | House |
| 15:25 | Build | Farm |
| 15:27 | Create | Villager (Male) |
| 15:42 | Create | Monk |
| 16:06 | Create | Villager (Male) |
| 16:12 | Build | Farm |
Build order — Mr Diniz
68 actions detected in the replay
| 0:04 | Create | Villager (Male) |
| 0:04 | Create | Villager (Male) |
| 0:04 | Create | Villager (Male) |
| 0:07 | Build | House |
| 0:08 | Build | House |
| 0:16 | Create | Villager (Male) |
| 0:16 | Create | Villager (Male) |
| 1:31 | Create | Villager (Male) |
| 1:32 | Create | Villager (Male) |
| 1:52 | Create | Villager (Male) |
| 1:53 | Create | Villager (Male) |
| 2:15 | Create | Villager (Male) |
| 2:31 | Create | Villager (Male) |
| 2:40 | Build | Lumber Camp |
| 3:06 | Create | Villager (Male) |
| 3:33 | Create | Villager (Male) |
| 3:33 | Create | Villager (Male) |
| 3:59 | Create | Villager (Male) |
| 3:59 | Create | Villager (Male) |
| 4:22 | Build | House |
| 4:44 | Create | Villager (Male) |
| 4:44 | Create | Villager (Male) |
| 4:55 | Build | Mill |
| 5:01 | Create | Villager (Male) |
| 5:10 | Create | Villager (Male) |
| 5:11 | Create | Villager (Male) |
| 5:23 | Create | Villager (Male) |
| 5:23 | Create | Villager (Male) |
| 5:41 | Build | Mill |
| 6:14 | Build | House |
| 6:22 | Create | Villager (Male) |
| 6:28 | Create | Villager (Male) |
| 6:29 | Create | Villager (Male) |
| 6:30 | Create | Villager (Male) |
| 6:40 | Create | Villager (Male) |
| 6:40 | Create | Villager (Male) |
| 7:04 | Build | House |
| 7:11 | Create | Villager (Male) |
| 7:17 | Build | Palisade Wall |
| 7:20 | Build | Palisade Wall |
| 7:36 | Build | Palisade Wall |
| 7:39 | Create | Villager (Male) |
| 7:46 | Create | Villager (Male) |
| 8:07 | Build | House |
| 8:30 | Build | Mining Camp |
| 9:08 | Research | Feudal Age |
| 11:01 | Create | Villager (Male) |
| 11:01 | Create | Villager (Male) |
| 11:24 | Age | Feudal Age |
| 11:36 | Build | Market |
| 11:40 | Build | Blacksmith |
| 11:49 | Build | Lumber Camp |
| 12:13 | Research | Double-Bit Axe |
| 12:15 | Research | Horse Collar |
| 12:18 | Create | Villager (Male) |
| 12:31 | Build | House |
| 12:40 | Research | Castle Age |
| 12:41 | Research | Castle Age |
| 13:26 | Build | Farm |
| 13:27 | Build | Farm |
| 13:28 | Build | Farm |
| 13:34 | Build | Farm |
| 14:21 | Create | Villager (Male) |
| 15:23 | Age | Castle Age |
| 15:25 | Build | Town Center |
| 15:27 | Build | Town Center |
| 15:27 | Create | Villager (Male) |
| 15:29 | Research | Bow Saw |
Build order — twitch.tv/sir_baron55
54 actions detected in the replay
| 0:00 | Create | Villager (Male) |
| 0:01 | Create | Villager (Male) |
| 0:02 | Build | House |
| 0:03 | Build | House |
| 0:11 | Research | Loom |
| 0:36 | Build | Palisade Wall |
| 0:39 | Create | Villager (Male) |
| 0:39 | Create | Villager (Male) |
| 0:40 | Create | Villager (Male) |
| 2:45 | Create | Villager (Male) |
| 2:48 | Create | Villager (Male) |
| 3:34 | Build | Lumber Camp |
| 3:41 | Create | Villager (Male) |
| 4:09 | Create | Villager (Male) |
| 4:26 | Create | Villager (Male) |
| 4:26 | Create | Villager (Male) |
| 4:44 | Create | Villager (Male) |
| 5:13 | Create | Villager (Male) |
| 5:29 | Build | House |
| 5:49 | Create | Villager (Male) |
| 5:59 | Build | Palisade Wall |
| 6:07 | Create | Villager (Male) |
| 6:07 | Create | Villager (Male) |
| 6:56 | Create | Villager (Male) |
| 7:10 | Create | Villager (Male) |
| 7:26 | Build | Mill |
| 7:42 | Create | Villager (Male) |
| 7:49 | Build | House |
| 8:03 | Create | Villager (Male) |
| 8:31 | Build | Mill |
| 9:11 | Build | House |
| 9:19 | Create | Villager (Male) |
| 9:20 | Create | Villager (Male) |
| 9:27 | Research | Feudal Age |
| 9:27 | Research | Feudal Age |
| 9:31 | Build | House |
| 10:11 | Build | Mining Camp |
| 11:09 | Create | Villager (Male) |
| 11:09 | Create | Villager (Male) |
| 11:54 | Age | Feudal Age |
| 11:58 | Build | Market |
| 12:41 | Build | Stone Wall |
| 12:46 | Build | Stone Wall |
| 12:50 | Build | House |
| 12:51 | Build | House |
| 12:58 | Create | Villager (Male) |
| 13:41 | Build | Blacksmith |
| 14:05 | Research | Town Watch |
| 14:09 | Research | Castle Age |
| 14:12 | Build | Stone Wall |
| 14:45 | Create | Villager (Male) |
| 14:45 | Create | Villager (Male) |
| 16:01 | Build | Mining Camp |
| 16:12 | Build | Stone Wall |
Match timeline
| 0:36 | twitch.tv/sir_baron55 · wall_segment Palisade Wall x14 |
| 1:15 | McNut · wall_segment Palisade Wall x3 |
| 1:15 | McNut · wall_segment Palisade Wall x1 |
| 1:18 | McNut · wall_segment Palisade Wall x1 |
| 1:21 | McNut · wall_segment Palisade Wall x1 |
| 1:34 | McNut · wall_segment Palisade Wall x3 |
| 1:49 | McNut · wall_segment Palisade Wall x3 |
| 1:50 | McNut · wall_segment Palisade Wall x2 |
| 2:16 | McNut · wall_segment Palisade Wall x1 |
| 2:18 | McNut · wall_segment Palisade Wall x1 |
| 3:33 | Getsuga Tensho · wall_segment Palisade Wall x3 |
| 3:35 | Getsuga Tensho · wall_segment Palisade Wall x5 |
| 3:37 | Getsuga Tensho · wall_segment Palisade Wall x1 |
| 3:38 | Getsuga Tensho · wall_segment Palisade Wall x1 |
| 3:43 | Getsuga Tensho · wall_segment Palisade Wall x4 |
| 4:31 | René · wall_segment Palisade Wall x1 |
| 4:32 | René · wall_segment Palisade Wall x1 |
| 4:32 | René · wall_segment Palisade Wall x1 |
| 4:33 | René · wall_segment Palisade Wall x1 |
| 5:01 | René · wall_segment Palisade Wall x1 |
| 5:07 | René · wall_segment Palisade Wall x1 |
| 5:59 | twitch.tv/sir_baron55 · wall_segment Palisade Wall x6 |
| 6:57 | René · wall_segment Palisade Wall x4 |
| 6:59 | René · wall_segment Palisade Wall x2 |
| 7:03 | René · wall_segment Palisade Wall x8 |
| 7:04 | René · wall_segment Palisade Wall x3 |
| 7:17 | Mr Diniz · wall_segment Palisade Wall x1 |
| 7:20 | Mr Diniz · wall_segment Palisade Wall x1 |
| 7:36 | Mr Diniz · wall_segment Palisade Wall x1 |
| 8:18 | René · wall_segment Palisade Wall x3 |
| 8:23 | René · wall_segment Palisade Wall x2 |
| 8:25 | René · wall_segment Palisade Wall x3 |
| 9:01 | René · wall_segment Palisade Wall x1 |
| 9:04 | McNut · wall_segment Palisade Wall x1 |
| 10:03 | McNut · first_building Barracks |
| 10:33 | McNut · wall_segment Palisade Wall x1 |
| 10:34 | McNut · wall_segment Palisade Wall x1 |
| 10:35 | McNut · wall_segment Palisade Wall x1 |
| 10:39 | René · wall_segment Palisade Wall x3 |
| 11:01 | bengute · age_up feudal |
| 11:24 | Mr Diniz · age_up feudal |
| 11:30 | 名字丶好怂 · age_up feudal |
| 11:36 | René · wall_segment Palisade Wall x2 |
| 11:47 | McNut · age_up feudal |
| 11:47 | René · wall_segment Palisade Wall x4 |
| 11:52 | Skinny_Sheep · age_up feudal |
| 11:54 | twitch.tv/sir_baron55 · age_up feudal |
| 12:10 | Getsuga Tensho · age_up feudal |
| 12:41 | twitch.tv/sir_baron55 · wall_segment Stone Wall x6 |
| 12:46 | twitch.tv/sir_baron55 · wall_segment Stone Wall x7 |
| 12:56 | McNut · wall_segment Palisade Wall x1 |
| 13:00 | McNut · wall_segment Palisade Wall x1 |
| 13:03 | McNut · wall_segment Palisade Wall x1 |
| 13:04 | McNut · wall_segment Palisade Wall x1 |
| 13:27 | 名字丶好怂 · first_building Barracks |
| 13:37 | twitch.tv/sir_baron55 · first_market_sell 100 food |
| 13:39 | twitch.tv/sir_baron55 · first_market_buy 100 wood |
| 13:40 | McNut · wall_segment Palisade Wall x1 |
| 13:41 | McNut · wall_segment Palisade Wall x1 |
| 13:42 | McNut · wall_segment Palisade Wall x1 |
| 13:45 | McNut · wall_segment Palisade Wall x1 |
| 13:59 | Getsuga Tensho · wall_segment Palisade Wall x1 |
| 14:12 | twitch.tv/sir_baron55 · wall_segment Stone Wall x1 |
| 14:14 | Getsuga Tensho · wall_segment Stone Wall x23 |
| 14:26 | Getsuga Tensho · wall_segment Stone Wall x3 |
| 14:42 | 名字丶好怂 · age_up castle |
| 14:56 | bengute · age_up castle |
| 14:59 | bengute · first_building Monastery |
| 15:23 | Mr Diniz · age_up castle |
| 15:25 | Skinny_Sheep · age_up castle |
| 15:31 | Skinny_Sheep · first_building Monastery |
| 15:34 | 名字丶好怂 · resign |
| 15:41 | René · age_up feudal |
| 16:12 | twitch.tv/sir_baron55 · wall_segment Stone Wall x1 |
[ AI ANALYSIS · 1 CREDIT ]
What really happened in this match?
Wolo.gg analyzes every decision: build order, eco, micro, common mistakes by bracket. Personalized analysis on WhatsApp or Discord in 30 seconds.
Civ guide
Malay
Map guide
Black Forest
Perfil
RAY (McNut)